 Dungeon Crawl Stone Soup version 0.14-a0-1739-g6c2808e (webtiles) character file.

79975 ReteAZ the Eclecticist (level 15, -10/87 HPs)
             Began as a Deep Elf Fire Elementalist on Jan 2, 2014.
             Was the Champion of Vehumet.
             Mangled by a black mamba (14 damage)
             ... on Level 2 of the Snake Pit on Jan 3, 2014.
             The game lasted 04:37:09 (29748 turns).

ReteAZ the Eclecticist (DEFE)                      Turns: 29748, Time: 04:37:09

HP -10/87        AC 13     Str  9 (10) XL: 15   Next: 15%
MP  19/41        EV 17     Int 24 (25) God: Vehumet [******]
Gold 2628        SH  2     Dex 17 (18) Spells: 12 memorised,  1 level left

rFire  + . .     SeeInvis .     K - staff of fire
rCold  . . .     Clarity  .     v - +2 robe of Eternal Vigilance {Str+3 Dex+3}
rNeg   + . .     Conserve .     (no shield)
rPois  +         rCorr    .     (helmet restricted)
rElec  +         rRot     .     H - +2 dwarf cloak {MR+}
SustAb . .       Spirit   .     x - +0 pair of elf gloves
rMut   +         Warding  .     C - +2 pair of boots {Fly}
Saprov . . .     Stasis   .     z - amulet of resist mutation
                                w - ring of Dyckucze {Wiz rElec rPois rF- rN+}
                                f - ring of fire

@: flying, very slightly contaminated, delayed fireball, very resistant to
hostile enchantments, quite stealthy
A: antennae 1, large bone plates 1, blurry vision 1, cold resistance 1,
deterioration 1, slow metabolism 1
a: Renounce Religion, Release Delayed Fireball, Stop Flying


You were on level 2 of the Snake Pit.
You worshipped Vehumet.
Vehumet was exalted by your worship.
You were not hungry.

You visited 5 branches of the dungeon, and saw 26 of its levels.
You also visited: Labyrinth, Sewer, Ice Cave and Volcano.

You collected 2628 gold pieces.

Inventory:

Armour
 v - the +2 robe of Eternal Vigilance (worn) {Str+3 Dex+3}
   (You found it on level 2 of the Lair of Beasts)

   It affects your strength (+3).
   It affects your dexterity (+3).
 x - a +0 pair of elven gloves (worn)
 C - a +2 pair of boots of flying (worn)
 H - a +2 dwarven cloak of magic resistance (worn)
Magical devices
 a - a wand of disintegration (10)
 h - a wand of disintegration (9)
 i - a wand of heal wounds (0)
 l - a wand of disintegration (14)
 r - a wand of digging (6)
 s - a wand of teleportation (2)
Comestibles
 c - 2 rotting chunks of naga flesh
 d - a chunk of black mamba flesh
 k - an apple
 o - 3 meat rations
 B - 2 beef jerkies
Scrolls
 b - a scroll of amnesia
 p - 2 scrolls of remove curse
Jewellery
 f - a ring of fire (left hand)
 j - an uncursed ring of positive energy {unknown}
 u - an uncursed ring of protection from magic
 w - the ring of Dyckucze (right hand) {Wiz rElec rPois rF- rN+}
   (You took it off an orc priest on level 4 of the Dungeon)

   [ring of wizardry]

   It makes you vulnerable to fire.
   It insulates you from electricity.
   It protects you from poison.
   It protects you from negative energy.
 z - an amulet of resist mutation (around neck)
 A - the ring "Pinira" {Hunger rC+ Int+3 SInv}
   (You found it on level 8 of the Dungeon)

   [ring of hunger]

   It affects your intelligence (+3).
   It protects you from cold.
   It enhances your eyesight.
Potions
 e - a potion of heal wounds
 g - 10 potions of curing
Books
 D - a book of the Tempests

   Spells                             Type                      Level
   Static Discharge                   Conjuration/Air              3
   Lightning Bolt                     Conjuration/Air              5
   *Fireball                          Conjuration/Fire             5
   Tornado                            Air                          9
   Shatter                            Earth                        9
 E - a book of Transfigurations

   Spells                             Type                      Level
   Stoneskin                          Transmutation/Earth          2
   Ice Form                           Ice/Transmutation            4
   Statue Form                        Transmutation/Earth          6
   Dragon Form                        Transmutation                7
Magical staves
 K - an uncursed staff of fire (weapon)


   Skills:
 + Level 7.6 Fighting
 - Level 7.3 Dodging
 - Level 6.0 Stealth
 - Level 18.6 Spellcasting
 - Level 13.5 Conjurations
 - Level 14.2 Fire Magic
 - Level 8.3 Earth Magic


You had one spell level left.
You knew the following spells:

 Your Spells              Type           Power        Failure   Level  Hunger
a - Flame Tongue          Conj/Fire      #####        0%          1    None
b - Throw Flame           Conj/Fire      ######       0%          2    None
c - Conjure Flame         Conj/Fire      ########     1%          3    None
d - Fireball              Conj/Fire      ########..   1%          5    None
e - Iskenderun's Mystic   Conj           ######..     1%          4    None
f - Lee's Rapid Deconstr  Erth           ######....   1%          5    None
g - Delayed Fireball      Conj/Fire      N/A          1%          7    #####..
h - Swiftness             Chrm/Air       ###.....     1%          2    None
i - Ring of Flames        Chrm/Fire      #######...   58%         7    #####..
j - Bolt of Fire          Conj/Fire      ########..   1%          6    ###....
k - Iron Shot             Conj/Erth      ######....   1%          6    ###....
l - Orb of Destruction    Conj           ######....   1%          7    #####..


Dungeon Overview and Level Annotations

Branches:
Dungeon (11/16)            Temple (1/1) D:6             Orc (4/4) D:10
    Elf (0/3) Orc:4          Lair (8/8) D:11          Swamp (0/5) Lair:4
  Snake (2/5) Lair:5        Slime (0/6) Lair:6

Altars:
Ashenzari
Cheibriados
Elyvilon
Kikubaaqudgha
Makhleb
Nemelex Xobeh
Okawaru
Sif Muna
Trog
Vehumet
Xom
Zin
Beogh
Jiyva

Shops:
Orc:3 =   Orc:4 //[*

Portals:
Hell: Lair:8

Annotations:
D:2 Sigmund
Snake:2 Lamia


Innate Abilities, Weirdness & Mutations

You have a pair of small antennae on your head.
You are partially covered in large bone plates (AC +2, SH +2).
Your vision is a little blurry.
Your flesh is cold resistant.
Your body is slowly deteriorating.
You have a slow metabolism.


Message History

Aiming: Iskenderun's Mystic Blast
Press: ? - help, Shift-Dir - straight line, f - black mamba
Aim: a black mamba The orb of energy misses the black mamba.
The orb of energy explodes!
You no longer feel sluggish.
The black mamba bites you.
* * * LOW HITPOINT WARNING * * *
The black mamba bites you but does no damage.
Casting: Iskenderun's Mystic Blast
Confirm with . or Enter, or press ? or * to list all spells.
Aiming: Iskenderun's Mystic Blast
Press: ? - help, Shift-Dir - straight line, f/p - black mamba
Aim: a black mamba The orb of energy hits the black mamba.
The black mamba is heavily wounded.
The black mamba bites you!
* * * LOW HITPOINT WARNING * * *
The black mamba bites you!
You die...

#.#.# . #.#.# #.#
#.#.# #.# . #)#.#
#.# #.# #)#.# #.#
#.# #)#.# #.# #.#
####%#.# #.# #.#
#....#.###.###.#
#.####.....@<..#
#.#
#####S###.#####.#
#.# #.....%.....#
#.# #####.#######
#.# #.# ##.## #.#
#.(.# #.#
###...### #.#
#..)..).#####
#.########


You could see a black mamba.

Vanquished Creatures
  Rupert (Snake:1)
  The ghost of Herrn the Carver, a powerful CeFi of the Shining One (Snake:2)
  A dire elephant (Lair:8)
  Azrael (Snake:1)
  7 hydras
  Fannar (Lair:5)
  A minotaur (Lab)
  Nessos (Volcano)
  Erica (Orc:2)
  An anaconda (Snake:1)
  Urug (Snake:1)
  4 naga warriors
  Nergalle (Orc:2)
  The ghost of miro the Thaumaturge, an experienced HEWz of Vehumet (Lab)
  A hell beast (Lair:8)
  2 sea snakes
  Erolcha (Orc:2)
  2 ice statues (IceCv)
  Joseph (D:8)
  A hill giant (D:11)
  A wizard (Lair:8)
  A lindwurm (Lair:8)
  An orc knight (Orc:4)
  The ghost of Jenx the Conjurer, an experienced DECj of Vehumet (D:8)
  17 black mambas
  5 orange demons (Lair:8)
  11 spiny frogs
  A yaktaur (Volcano)
  A queen ant (Lair:7)
  Psyche (Orc:4)
  A feature mimic (Lair:5)
  5 fire drakes
  9 komodo dragons
  A hydra zombie (D:11)
  2 trolls
  Grinder (D:6)
  5 naga magi
  A hellwing (Lair:8)
  A polar bear (Lair:8)
  A boulder beetle (Lair:8)
  Sonja (Snake:1)
  11 blink frogs
  A two-headed ogre (D:9)
  A giant leech (Lair:4)
  3 wandering mushrooms (Lair:6)
  4 trapdoor spiders (Lair:5)
  3 basilisks
  A wraith (D:10)
  4 ugly things (D:10)
  11 wolves
  A hill giant zombie (D:11)
  4 sharks
  28 yaks
  Eustachio (D:7)
  A fire bat (Volcano)
  3 hippogriffs
  5 fire elementals (Snake:1)
  A merfolk (D:8)
  A hill giant skeleton (D:10)
  Edmund (D:4)
  6 soldier ants (Lair:7)
  Menkaure (D:6)
  A necrophage (D:11)
  5 hell hounds
  38 orc warriors
  A sky beast (D:9)
  A black bear (D:8)
  12 porcupines
  26 nagas
  3 giant goldfish (Lair:6)
  17 ice beasts
  A boring beetle (Lair:8)
  11 ogres
  A phantom (D:5)
  3 rotting devils (Lair:8)
  4 wargs
  19 centaurs
  28 water moccasins
  Duvessa (Orc:1)
  A big kobold (D:11)
  10 crocodiles
  11 giant slugs
  Blork the orc (D:4)
  20 giant frogs
  11 agate snails
  2 gnoll sergeants
  2 eyes of draining
  9 killer bees
  A hippogriff zombie (D:6)
  13 wights
  A jellyfish (Snake:1)
  An electric eel (Snake:1)
  8 crimson imps
  3 lava fish (Volcano)
  3 jellies
  A lava snake (Volcano)
  Dowan (Orc:1)
  10 hounds
  9 iguanas
  28 orc priests
  A black bear skeleton (D:6)
  A centaur skeleton (D:10)
  36 worker ants
  6 big fish
  22 orc wizards
  3 scorpions
  A killer bee zombie (D:7)
  Ijyb (D:2)
  An ogre skeleton (D:10)
  2 worker ant zombies
  9 gnolls
  2 giant centipedes
  67 green rats
  39 adders
  An inept item mimic (D:6)
  13 giant mites
  An inept feature mimic (D:8)
  5 worms
  An iguana zombie (D:8)
  A grey rat (D:6)
  A giant eyeball (D:9)
  11 giant geckos
  157 orcs
  14 ball pythons
  2 bat skeletons
  26 giant cockroaches
  A gnoll skeleton (D:6)
  26 goblins
  18 hobgoblins
  9 jackals
  18 kobolds
  13 quokkas
  12 bats
  13 giant newts
  A hobgoblin zombie (D:5)
  26 rats
  7 fungi
  7 plants
1084 creatures vanquished.

Vanquished Creatures (others)
  3 fungi (Lair:8)
  7 plants
10 creatures vanquished.

Grand Total: 1094 creatures vanquished

Notes
Turn   | Place    | Note
--------------------------------------------------------------
     0 | D:1      | ReteAZ, the Deep Elf Fire Elementalist, began the quest for the Orb.
     0 | D:1      | Reached XP level 1. HP: 10/10 MP: 5/5
   458 | D:1      | Reached XP level 2. HP: 15/15 MP: 4/8
   462 | D:1      | Learned a level 2 spell: Throw Flame
  1033 | D:2      | Noticed Sigmund
  1124 | D:2      | Reached skill level 4 in Fire Magic
  1231 | D:2      | Reached XP level 3. HP: 17/19 MP: 2/10
  1536 | D:2      | Learned a level 3 spell: Conjure Flame
  1552 | D:2      | Noticed Ijyb
  1647 | D:2      | Killed Ijyb
  1887 | D:3      | Reached XP level 4. HP: 17/24 MP: 3/13
  2428 | D:3      | Reached skill level 5 in Fire Magic
  2518 | D:3      | Noticed an ogre
  2547 | D:3      | Killed an ogre
  2547 | D:3      | Reached XP level 5. HP: 22/28 MP: 9/18
  2969 | D:4      | Found a shattered altar of Ashenzari.
  2969 | D:4      | Found a burning altar of Makhleb.
  3026 | D:4      | Noticed Blork the orc
  3104 | D:4      | Reached XP level 6. HP: 32/32 MP: 16/20
  3317 | D:4      | Got a vibrating platinum ring
  3454 | D:4      | Noticed an ogre
  3466 | D:4      | Killed an ogre
  3466 | D:4      | Reached skill level 6 in Fire Magic
  3497 | D:4      | Upgraded the game from 0.14-a0-1721-g84c87b2 to 0.14-a0-1739-g6c2808e
  3532 | D:4      | Noticed Edmund
  3558 | D:4      | Killed Edmund
  3558 | D:4      | Reached skill level 5 in Conjurations
  3558 | D:4      | Reached XP level 7. HP: 22/36 MP: 9/21
  3872 | D:4      | Killed Blork the orc
  3872 | D:4      | Reached skill level 7 in Fire Magic
  3903 | D:4      | Gained mutation: Your body is slowly deteriorating. [mutagenic glow]
  3919 | D:5      | Entered Level 5 of the Dungeon
  3983 | D:5      | Gained mutation: Your vision is a little blurry. [mutagenic glow]
  4798 | D:5      | Reached XP level 8. HP: 41/41 MP: 15/22
  5139 | D:5      | Reached skill level 8 in Fire Magic
  5595 | D:6      | Found a glowing drain.
  5610 | Sewer    | Entered a sewer
  5666 | Sewer    | Reached skill level 9 in Fire Magic
  6062 | Sewer    | Reached skill level 10 in Fire Magic
  6123 | D:6      | Gained mutation: You are clumsy. (Dex -2) [potion of mutation]
  6123 | D:6      | Gained mutation: You have a pair of small antennae on your head. [potion of mutation]
  6123 | D:6      | Gained mutation: You are partially covered in large bone plates (AC +2, SH +2). [potion of mutation]
  6124 | D:6      | Gained mutation: Your flesh is cold resistant. [potion of mutation]
  6124 | D:6      | Gained mutation: You have a slow metabolism. [potion of mutation]
  6124 | D:6      | Lost mutation: You are clumsy. (Dex -2) [potion of mutation]
  6262 | D:6      | Noticed Menkaure
  6288 | D:6      | Killed Menkaure
  6341 | D:6      | Identified the ring of Dyckucze {Wiz rElec rPois rF- rN+} (You took it off an orc priest on level 4 of the Dungeon)
  6348 | D:6      | Learned a level 5 spell: Fireball
  6457 | D:6      | Found a staircase to the Ecumenical Temple.
  6465 | Temple   | Entered the Ecumenical Temple
  6475 | Temple   | Became a worshipper of Vehumet
  6509 | D:6      | Reached XP level 9. HP: 40/45 MP: 13/24
  6665 | D:6      | Reached skill level 11 in Fire Magic
  6697 | D:6      | Noticed Grinder
  6698 | D:6      | Paralysed by Grinder for 2 turns
  6708 | D:6      | Killed Grinder
  6990 | D:7      | Acquired Vehumet's first power
  6990 | D:7      | Offered knowledge of Shock by Vehumet.
  7456 | D:7      | Reached skill level 12 in Fire Magic
  7456 | D:7      | Reached skill level 5 in Spellcasting
  8029 | D:7      | Noticed Eustachio
  8038 | D:7      | Killed Eustachio
  8321 | D:7      | Offered knowledge of Freeze by Vehumet.
  8321 | D:7      | Reached XP level 10. HP: 50/50 MP: 31/31
  8776 | D:8      | Noticed Joseph
  8788 | D:8      | Killed Joseph
  8788 | D:8      | Reached skill level 10 in Spellcasting
  8836 | D:8      | Got a brightly glowing jade ring
  9051 | D:8      | Found a white marble altar of Elyvilon.
  9303 | D:8      | Noticed Jenx's ghost (experienced DECj)
  9306 | D:8      | Killed Jenx's ghost
  9332 | D:8      | Found a bloodstained altar of Trog.
  9418 | D:8      | Offered knowledge of Dazzling Spray by Vehumet.
  9776 | D:9      | Acquired Vehumet's second power
  9854 | D:9      | Reached skill level 13 in Spellcasting
 10173 | D:9      | Identified the ring "Pinira" {Hunger rC+ Int+3 SInv} (You found it on level 8 of the Dungeon)
 10181 | D:9      | Paralysed by a giant eyeball for 4 turns
 10446 | D:10     | Entered Level 10 of the Dungeon
 10476 | D:10     | Found a staircase to the Orcish Mines.
 10737 | D:10     | Offered knowledge of Iskenderun's Mystic Blast by Vehumet.
 10744 | D:10     | Learned a level 4 spell: Iskenderun's Mystic Blast
 11039 | D:10     | Reached XP level 11. HP: 32/54 MP: 24/34
 11829 | D:10     | Acquired Vehumet's third power
 12001 | D:10     | Found a roughly hewn altar of Beogh.
 12082 | D:10     | Got an ancient robe
 12089 | D:10     | Identified the cursed -4 robe of Henotheism {Dex+5 Int+4} (You found it on level 10 of the Dungeon)
 12750 | D:11     | Offered knowledge of Lee's Rapid Deconstruction by Vehumet.
 12757 | D:11     | Learned a level 5 spell: Lee's Rapid Deconstruction
 13187 | D:11     | Reached skill level 5 in Dodging
 13630 | D:11     | Noticed a hill giant
 13633 | D:11     | Killed a hill giant
 13708 | D:11     | Found a staircase to the Lair.
 13780 | Lair:1   | Entered Level 1 of the Lair of Beasts
 13818 | Lair:1   | Noticed a seven-headed hydra
 13822 | Lair:1   | Killed a seven-headed hydra
 13822 | Lair:1   | Reached skill level 14 in Spellcasting
 13931 | Lair:1   | Reached skill level 1 in Earth Magic
 13960 | Lair:1   | Reached skill level 10 in Conjurations
 14165 | Lair:1   | Noticed a seven-headed hydra
 14176 | Lair:1   | Killed a seven-headed hydra
 14321 | Lair:1   | Offered knowledge of Delayed Fireball by Vehumet.
 14330 | Lair:1   | Learned a level 7 spell: Delayed Fireball
 14938 | Lair:2   | Reached XP level 12. HP: 52/59 MP: 36/36
 15603 | Lair:2   | Found a dark tunnel.
 15621 | Volcano  | Entered a volcano
 15689 | Volcano  | Found a bloodstained altar of Trog.
 15689 | Volcano  | Noticed Nessos
 15692 | Volcano  | Killed Nessos
 16021 | Lair:2   | Got a faintly humming robe
 16028 | Lair:2   | Identified the +2 robe of Eternal Vigilance {Str+3 Dex+3} (You found it on level 2 of the Lair of Beasts)
 16228 | Lair:3   | Found a labyrinth entrance.
 16254 | Lab      | Entered a labyrinth
 16436 | Lab      | Noticed miro's ghost (experienced HEWz)
 16621 | Lab      | Killed miro's ghost
 16621 | Lab      | Reached skill level 5 in Stealth
 16621 | Lab      | Reached skill level 5 in Earth Magic
 17094 | Lab      | Noticed a minotaur
 17096 | Lab      | Killed a minotaur
 17121 | Lab      | Identified Ozxodda's Handbook of Dark Secrets
 17122 | Lab      | Got a pitted short sword
 17125 | Lair:3   | Identified the cursed +1,-2 short sword "Tattletale" {flame, MR++ Dex+2} (You found it in a labyrinth)
 17132 | Lair:3   | Identified a +8 rod of warding (13/13) (You found it in a labyrinth)
 18105 | Lair:4   | Learned a level 2 spell: Swiftness
 18428 | Lair:4   | Found a staircase to the Swamp.
 18564 | Lair:5   | Noticed Fannar
 18567 | Lair:5   | Killed Fannar
 18589 | Lair:5   | Offered knowledge of Fulminant Prism by Vehumet.
 18680 | Lair:5   | Found a staircase to the Snake Pit.
 18686 | Lair:5   | Found a frozen archway.
 18696 | IceCv    | Entered an ice cave
 18749 | IceCv    | Got a brightly glowing glaive
 18772 | Lair:5   | Identified the +11,+3 glaive of Courage {chop, Int+3} (You found it in an ice cave)
 19194 | Lair:5   | Noticed a seven-headed hydra
 19198 | Lair:5   | Killed a seven-headed hydra
 19198 | Lair:5   | Reached XP level 13. HP: 63/63 MP: 23/37
 19475 | Lair:5   | Offered knowledge of Bolt of Draining by Vehumet.
 19478 | Lair:5   | Found a hole to the Spider Nest.
 19758 | Lair:6   | Found a viscous altar of Jiyva.
 19758 | Lair:6   | Found a staircase to the Slime Pits.
 19808 | Lair:6   | Learned a level 7 spell: Ring of Flames
 20213 | Lair:6   | Reached skill level 15 in Spellcasting
 21125 | Lair:7   | Paralysed by a potion of paralysis for 6 turns
 21246 | Lair:7   | Offered knowledge of Bolt of Fire by Vehumet.
 21254 | Lair:7   | Learned a level 6 spell: Bolt of Fire
 21650 | Lair:7   | Reached skill level 16 in Spellcasting
 21989 | Lair:8   | Entered Level 8 of the Lair of Beasts
 22949 | Lair:8   | Reached XP level 14. HP: 68/68 MP: 30/39
 23186 | Lair:8   | Offered knowledge of Poison Arrow by Vehumet.
 23354 | Lair:8   | Noticed a dire elephant
 23383 | Lair:8   | Killed a dire elephant
 23383 | Lair:8   | Reached skill level 17 in Spellcasting
 23523 | Lair:8   | Found a burning altar of Makhleb.
 23795 | Lair:8   | Found a gateway to Hell.
 24308 | Orc:1    | Entered Level 1 of the Orcish Mines
 24431 | Orc:1    | Noticed Dowan
 24433 | Orc:1    | Killed Dowan
 24441 | Orc:1    | Noticed Duvessa
 24441 | Orc:1    | Killed Duvessa
 24591 | Orc:2    | Noticed Nergalle
 24591 | Orc:2    | Noticed Erica
 24593 | Orc:2    | Killed Nergalle
 24597 | Orc:2    | Killed Erica
 25029 | Orc:3    | Found Zaluaruq's Jewellery Shop.
 25071 | Orc:4    | Entered Level 4 of the Orcish Mines
 25075 | Orc:4    | Noticed Psyche
 25075 | Orc:4    | Killed Psyche
 25350 | Orc:4    | Offered knowledge of Iron Shot by Vehumet.
 25353 | Orc:4    | Reached skill level 18 in Spellcasting
 25497 | Orc:2    | Noticed Erolcha
 25499 | Orc:2    | Killed Erolcha
 25693 | Orc:2    | Learned a level 6 spell: Iron Shot
 25729 | Orc:2    | Found a burning altar of Makhleb.
 25956 | Orc:4    | Found a staircase to the Elven Halls.
 26448 | Orc:4    | Found Kliubu's Magical Wand Shoppe.
 26448 | Orc:4    | Found Hoawk's Antique Armour Boutique.
 26452 | Orc:4    | Found Klur's General Store.
 26454 | Orc:4    | Found Qiorphosa's Magical Wand Emporium.
 26476 | Orc:4    | Offered knowledge of Orb of Destruction by Vehumet.
 26485 | Orc:4    | Learned a level 7 spell: Orb of Destruction
 27123 | Lair:5   | the hole to the Spider Nest was a mimic.
 27164 | Snake:1  | Entered Level 1 of the Snake Pit
 27166 | Snake:1  | Reached skill level 1 in Fighting
 27168 | Snake:1  | Noticed Sonja
 27172 | Snake:1  | Killed Sonja
 27177 | Snake:1  | Noticed Urug
 27180 | Snake:1  | Killed Urug
 27532 | Snake:1  | Noticed Azrael
 27705 | Snake:1  | Noticed Rupert
 27708 | Snake:1  | Killed Rupert
 27708 | Snake:1  | Reached skill level 5 in Fighting
 28081 | Snake:1  | Killed Azrael
 28540 | Snake:2  | Noticed Herrn's ghost (powerful CeFi)
 28788 | Snake:2  | Offered knowledge of Lehudib's Crystal Spear by Vehumet.
 28788 | Snake:2  | Offered knowledge of Fire Storm by Vehumet.
 28788 | Snake:2  | Offered knowledge of Chain Lightning by Vehumet.
 28920 | Snake:2  | Reached XP level 15. HP: 84/84 MP: 16/41
 29528 | Snake:2  | Killed Herrn's ghost
 29712 | Snake:2  | Noticed Lamia
 29748 | Snake:2  | HP: 4/87 [black mamba (15)]
 29748 | Snake:2  | Mangled by a black mamba

Action                   |  1- 3 |  4- 6 |  7- 9 | 10-12 | 13-15 || total
-------------------------+-------+-------+-------+-------+-------++-------
Melee: Mace              |    23 |    12 |       |       |       ||    35
       Flail             |       |       |    31 |       |       ||    31
       Spear             |       |       |   144 |    60 |       ||   204
       Staff             |       |       |       |    14 |    79 ||    93
 Cast: Flame Tongue      |    70 |    78 |   340 |   464 |    75 ||  1027
       Throw Flame       |     3 |    10 |    38 |    86 |   131 ||   268
       Conjure Flame     |     3 |     7 |    37 |    61 |     9 ||   117
       Fireball          |       |       |     9 |   110 |   373 ||   492
       Iskenderun's Myst |       |       |       |    44 |    43 ||    87
       Delayed Fireball  |       |       |       |     5 |     3 ||     8
       Bolt of Fire      |       |       |       |       |    14 ||    14
       Swiftness         |       |       |       |       |     5 ||     5
       Orb of Destructio |       |       |       |       |    11 ||    11
 Abil: Release Delayed F |       |       |       |     5 |     2 ||     7
Evoke: Wand              |       |       |     7 |    12 |     8 ||    27
  Use: Potion            |     1 |       |     9 |     7 |    10 ||    27
       Scroll            |       |     8 |     3 |    25 |     5 ||    41
 Stab: Sleeping          |     1 |       |     1 |       |       ||     2
